 Dungeon Crawl Stone Soup version 0.27-a0-1065-ge809cff456 (webtiles) character file.

Game seed: 4631843619236492963

300929 senseless the Slayer (level 20, -14/212 (227) HPs)
             Began as a Minotaur Fighter on Apr 21, 2021.
             Was the Champion of Okawaru.
             Blown up by a lich (21 damage)
             ... with a wavering orb of destruction
             ... while paralysed by a dread lich
             ... on level 3 of the Abyss on Apr 22, 2021.
             The game lasted 02:10:28 (42589 turns).

senseless the Slayer (Minotaur Fighter)            Turns: 42589, Time: 02:10:28

HP:   -14/212 (227) AC: 41    Str: 27    XL:     20   Next: 18%
MP:   19/19         EV:  2    Int: 13    God:    Okawaru [******]
Gold: 2658          SH:  0    Dex: 26    Spells: 19/19 levels left

rFire    + . .     SeeInvis +   S - +5 demon whip "Ivom" {freeze, rPois rF++ Dex+3}
rCold    + + +     Faith    .   J - +3 kite shield {rPois}
rNeg     + . .     Spirit   .   M - +8 crystal plate armour of the Sun {rElec Dex+2}
rPois    +         Reflect  .   I - +0 hat of Okawaru's Vengeance {rC+ rN+ rCorr Dex+2}
rElec    +         Harm     .   Q - scarf {repulsion}
rCorr    +         Rampage  +   y - +1 pair of gloves of Kiuph {Dex+4 SInv}
Will     ++...                  D - +1 pair of boots of Abstinence {rC++ Will+}
Stlth    ..........             v - amulet of Zorchitou {RegenMP Rampage Fly rF- Int+6}
HPRegen  0.00/turn              b - +4 ring of protection
MPRegen  0.41/turn              L - +4 ring of slaying

@: paralysed, about to teleport, flying, non-regenerating, diseased, slowed,
studying 3 skills, drained, repel missiles
A: horns 2, retaliatory headbutt, iridescent scales 1, agile 2, deformed body,
robust 1, inhibited regeneration
}: 2/15 runes: decaying, gossamer
a: Renounce Religion, Heroism, Finesse


You were on level 3 of the Abyss.
You worshipped Okawaru.
Okawaru was exalted by your worship.
You visited 7 branches of the dungeon, and saw 35 of its levels.
You visited the Abyss 1 time.
You also visited: Sewer, Ossuary, Gauntlet and Ice Cave.

You collected 3393 gold pieces.
You spent 735 gold pieces at shops.

Inventory:

Hand Weapons
 u - the +5 mace "Bury" {vorpal, *Rage rC+++ Will- Str+6}
   (Okawaru gifted it to you on level 2 of the Swamp)

   It inflicts extra damage upon your enemies.
   It affects your strength (+6).
   It renders you almost immune to cold.
   It may make you go berserk in combat.
   It decreases your willpower.
 E - a +4 flail of protection
 S - the +5 demon whip "Ivom" (weapon) {freeze, rPois rF++ Dex+3}
   (You found it in an ice cave)

   It has been specially enchanted to freeze those struck by it, causing extra
   injury to most foes and up to half again as much damage against particularly
   susceptible opponents.
   It can also slow down cold-blooded creatures.
   It affects your dexterity (+3).
   It greatly protects you from fire.
   It protects you from poison.
 W - a +5 demon whip of electrocution
Armour
 y - the +1 pair of gloves of Kiuph (worn) {Dex+4 SInv}
   (You found it on level 2 of the Swamp)

   It affects your dexterity (+4).
   It lets you see invisible.
 z - the +6 plate armour of Inviolability {*Slow +Blink rPois rC++}
   (You took it off a minotaur in a Gauntlet)

   It greatly protects you from cold.
   It protects you from poison.
   It lets you blink.
   It may slow you when you take damage.
 D - the +1 pair of boots of Abstinence (worn) {rC++ Will+}
   (Okawaru gifted it to you on level 15 of the Dungeon)

   It greatly protects you from cold.
   It increases your willpower.
 G - the +0 cloak "Nuwaef" {-Tele rN++ Int+6}
   (You found it on level 2 of the Elven Halls)

   It affects your intelligence (+6).
   It greatly protects you from negative energy.
   It prevents most forms of teleportation.
 I - the +0 hat of Okawaru's Vengeance (worn) {rC+ rN+ rCorr Dex+2}
   (Okawaru gifted it to you on level 4 of the Spider Nest)

   It affects your dexterity (+2).
   It protects you from cold.
   It protects you from negative energy.
   It protects you from acid and corrosion.
 J - a +3 kite shield of poison resistance (worn)
 K - a +2 pair of gloves of strength
 M - the +8 crystal plate armour of the Sun (worn) {rElec Dex+2}
   (Okawaru gifted it to you on level 10 of the Dungeon)

   It affects your dexterity (+2).
   It insulates you from electricity.
 Q - a scarf of repulsion (worn)
Jewellery
 a - a +6 ring of intelligence
 b - a +4 ring of protection (left hand)
 c - a ring of magical power
 e - a +6 ring of dexterity
 f - a ring of fire
 g - an amulet of magic regeneration
 l - an amulet of reflection
 p - an amulet of regeneration
 s - the ring of Uxov {Wiz Stlth+}
   (You found it in a Gauntlet)

   [ring of wizardry]

   It improves your spell success rate.
   It makes you more stealthy.
 v - the amulet of Zorchitou (around neck) {RegenMP Rampage Fly rF- Int+6}
   (You found it on level 5 of the Dungeon)

   [amulet of magic regeneration]

   It increases your rate of magic regeneration.
   It affects your intelligence (+6).
   It makes you vulnerable to fire.
   It grants you flight.
   It bestows one free step when moving towards enemies.
 x - a +6 ring of dexterity
 B - an amulet of the acrobat
 H - a +4 ring of evasion
 L - a +4 ring of slaying (right hand)
 N - a ring of poison resistance
 O - a ring of positive energy
 Y - a ring of resist corrosion
 Z - a +4 ring of evasion
Scrolls
 h - 11 scrolls of teleportation
 A - a scroll of brand weapon
 C - 2 scrolls of summoning
 P - 3 scrolls of blinking
Potions
 d - 6 potions of might
 i - 6 potions of brilliance
 j - 6 potions of invisibility
 k - 5 potions of flight
 m - 5 potions of berserk rage
 n - 10 potions of lignification
 o - 4 potions of attraction
 q - 4 potions of magic
 r - 9 potions of curing
 t - 2 potions of haste
 w - 5 potions of ambrosia
 F - 2 potions of mutation
 U - 5 potions of heal wounds
 X - 2 potions of resistance


   Skills:
 + Level 24.4 Fighting
 - Level 12.6(13.6) Axes
 - Level 9.0(12.0) Maces & Flails
 + Level 22.4 Armour
 * Level 16.4 Dodging
 - Level 15.0 Shields


You had 19 spell levels left.
You didn't know any spells.
Your spell library contained the following spells:

 Spells                   Type           Power      Damage    Failure   Level
 Animate Skeleton         Necr           0%         N/A       97%         1
 Beastly Appendage        Tmut           0%         N/A       97%         1
 Magic Dart               Conj           0%         1d3       97%         1
 Pain                     Necr           0%         1d4       97%         1
 Shock                    Conj/Air       0%         1d3       97%         1
 Summon Small Mammal      Summ           0%         N/A       97%         1
 Blink                    Tloc           N/A        N/A       99%         2
 Call Imp                 Summ           0%         N/A       99%         2
 Corpse Rot               Necr/Air       N/A        N/A       99%         2
 Passwall                 Tmut/Erth      0%         N/A       99%         2
 Searing Ray              Conj           0%         3d3       99%         2
 Slow                     Hex            0%         N/A       99%         2
 Wereblood                Tmut           0%         N/A       99%         2
 Confusing Touch          Hex            0%         N/A       100%        3
 Conjure Flame            Conj/Fire      0%         6-21      100%        3
 Dazzling Flash           Conj/Hex       0%         N/A       100%        3
 Gell's Gravitas          Tloc           0%         N/A       100%        3
 Ignite Poison            Fire/Tmut/Pois 0%         N/A       100%        3
 Mephitic Cloud           Conj/Pois/Air  0%         N/A       100%        3
 Spider Form              Tmut/Pois      0%         N/A       100%        3
 Stone Arrow              Conj/Erth      0%         3d7       100%        3
 Summon Guardian Golem    Hex/Summ       0%         N/A       100%        3
 Vampiric Draining        Necr           0%         2d6       100%        3
 Animate Armour           Summ/Erth      0%         N/A       100%        4
 Animate Dead             Necr           0%         N/A       100%        4
 Cause Fear               Hex            0%         N/A       100%        4
 Fulminant Prism          Conj/Hex       0%         3d6       100%        4
 Ice Form                 Ice/Tmut       0%         N/A       100%        4
 Iskenderun's Mystic Bla  Conj/Tloc      0%         2d3       100%        4
 Leda's Liquefaction      Hex/Erth       0%         N/A       100%        4
 Olgreb's Toxic Radiance  Pois           0%         N/A       100%        4
 Petrify                  Tmut/Erth      0%         N/A       100%        4
 Sticky Flame             Conj/Fire      0%         2d3       100%        4
 Summon Ice Beast         Ice/Summ       0%         N/A       100%        4
 Summon Lightning Spire   Summ/Air       0%         N/A       100%        4
 Bolt of Magma            Conj/Fire/Erth 0%         4d4       100%        5
 Borgnjor's Vile Clutch   Necr/Erth      0%         N/A       100%        5
 Fireball                 Conj/Fire      0%         3d3       100%        5
 Hydra Form               Tmut           0%         N/A       100%        5
 Irradiate                Conj/Tmut      0%         3d13      100%        5
 Iskenderun's Battlesphe  Conj           0%         2d6       100%        5
 Lee's Rapid Deconstruct  Erth           0%         3d5*      100%        5
 Metabolic Englaciation   Hex/Ice        0%         N/A       100%        5
 Silence                  Hex/Air        0%         N/A       100%        5
 Summon Forest            Summ/Tloc      0%         N/A       100%        5
 Summon Mana Viper        Hex/Summ       0%         N/A       100%        5
 Yara's Violent Unravell  Hex/Tmut       0%         3d3       100%        5
 Blade Hands              Tmut           0%         N/A       100%        6
 Conjure Ball Lightning   Conj/Air       0%         3x3d6     100%        6
 Death Channel            Necr           0%         N/A       100%        6
 Eringya's Noxious Bog    Tmut/Pois      0%         N/A       100%        6
 Freezing Cloud           Conj/Ice/Air   0%         6-21      100%        6
 Iron Shot                Conj/Erth      0%         9d1       100%        6
 Shadow Creatures         Summ           N/A        N/A       100%        6
 Simulacrum               Ice/Necr       0%         N/A       100%        6
 Starburst                Conj/Fire      0%         8x6d3     100%        6
 Statue Form              Tmut/Erth      0%         N/A       100%        6
 Dragon Form              Tmut           0%         N/A       100%        7
 Haunt                    Necr/Summ      0%         N/A       100%        7
 Malign Gateway           Summ/Tloc      0%         N/A       100%        7
 Monstrous Menagerie      Summ           0%         N/A       100%        7
 Orb of Destruction       Conj           0%         N/A       100%        7
 Ozocubu's Refrigeration  Ice            0%         4d5       100%        7
 Spellforged Servitor     Conj/Summ      0%         N/A       100%        7
 Summon Hydra             Summ           0%         N/A       100%        7
 Ignition                 Fire           0%         3d3       100%        8
 Summon Horrible Things   Summ           0%         N/A       100%        8
 Shatter                  Erth           0%         3d5*      100%        9
 Tornado                  Air            0%         N/A       100%        9


Dungeon Overview and Level Annotations

Branches:
Dungeon (15/15)            Temple (1/1) D:4            Lair (6/6) D:10
  Swamp (4/4) Lair:2       Spider (4/4) Lair:4        Slime (0/5) Lair:6
    Orc (2/2) D:9             Elf (3/3) Orc:2        Vaults (0/5) D:13
 Depths (0/5) D:15          Sewer (visited)         Ossuary (visited)
  IceCv (visited)         Gauntlet (visited)

Altars:
Ashenzari
Cheibriados
Dithmenos
Elyvilon
Fedhas
Hepliaklqana
Kikubaaqudgha
Okawaru
Trog
Uskayaw
Vehumet
Wu Jian
Xom
The Shining One
Beogh
Jiyva

Shops:
D:2 *   D:9 *   D:15 ?(?((?[:   Orc:2 ([:[   Elf:1 ((!

Portals:
Abyss: Spider:3

Annotations:
D:5 2 runed translucent doors
Spider:3 2 transporters, 1player's ghost, journeyman FeBe


Innate Abilities, Weirdness & Mutations

You have a pair of horns on your head.
You reflexively headbutt those who attack you in melee.
You are partially covered in iridescent scales. (AC +2)
You are very agile. (Dex +4)
Armour fits poorly on your strangely shaped body.
You are robust. (+10% HP)
You do not regenerate when monsters are visible.


Message History

The lich seems to speed up.
You hear a shout!
You thrash the chaos spawn!! You freeze the chaos spawn.
You kill the chaos spawn!
Okawaru accepts your kill.
The chaos spawn degenerates into a cloud of primal chaos!
You block the lich's attack.
The dread lich mumbles some strange words.
You block the large abomination's attack.
The lich closely misses you.
The dread lich points at you and mumbles some strange words.
You suddenly lose the ability to move!
The blink frog blinks!
The lich touches you but does no damage.
The dread lich touches you but does no damage.
The Tzitzimitl calls on the powers of darkness!
Your body is wracked with pain!
* * * LOW HITPOINT WARNING * * *
The large abomination hits you.
* * * LOW HITPOINT WARNING * * *
The blink frog blinks!
The green death is engulfed in seething chaos.
The green death suddenly seems more agile.
The green death hits you but does no damage.
The lich gestures at you while chanting.
The bolt of cold hits you. You resist.
* * * LOW HITPOINT WARNING * * *
The dread lich points at you and mumbles some strange words.
You resist with significant effort. The large abomination hits you.
* * * LOW HITPOINT WARNING * * *
The lich touches you.
* * * LOW HITPOINT WARNING * * *
You partially resist.
You feel drained.
The green death is engulfed in seething chaos.
The green death hits you!
* * * LOW HITPOINT WARNING * * *
The dread lich touches you but does no damage.
The lich conjures an orb of pure magic.
The wavering orb of destruction weakly hits you!!
You die...

#..§§§##. . ...# #
÷§.§.## ...# .# ..
#L§§..###.##..... #
§§§..#..... . ..
#.##§#§...'.....#....
.#.....§..'..... . .
......##V'...#. ###
......##L2.∩###.
......L@#L.. .
.......X2..#.##
..............#
.§...........#.#
..#F.......###.#
...........#
...#.###.#.# .###.
###.


You could see a dread lich (fast, invisible), a lich (fast, invisible), a green
death (summoned, agile), a blizzard demon (summoned), a large abomination, a
blink frog and a vampire (invisible).

Vanquished Creatures
  the Lernaean hydra (Swamp:4)
  Bai Suzhen (Spider:4)
  Saint Roka (Elf:3)
  Nikola (Swamp:1)
  A lich (Abyss:3)
  Jorgrun (D:15)
  A deep elf blademaster (Elf:2)
  An Executioner (Abyss:3)
  A thorn hunter (Swamp:4)
  A tentacled starspawn (Abyss:3)
  Agnes (D:15)
  Donald (Elf:3)
  Roxanne (D:15)
  2 fenstrider witches
  3 ghost moths (Spider:4)
  An orc warlord (Orc:2)
  The ghost of Puri the Warrior, an adept GrFi of Ru (Swamp:2)
  3 deep elf sorcerers
  Aizul (Swamp:1)
  2 deep elf elementalists
  Louise (Swamp:2)
  A reaper (IceCv)
  A draconian shifter (Abyss:3)
  5 emperor scorpions
  A ghoul (Swamp:2)
  Azrael (Elf:1)
  3 spark wasps
  2 entropy weavers (Spider:4)
  7 bunyips
  5 deep elf annihilators
  A minotaur (Gauntlet)
  The ghost of Verendum the Black Belt, a journeyman OpFi of Okawaru (Lair:3)
  5 deep elf death magi (Elf:3)
  A green death (Abyss:3)
  4 shambling mangroves
  An ettin (D:15)
  12 eleionomae
  Josephine (Swamp:1)
  Fannar (D:11)
  2 deep elf high priests (Elf:3)
  Harold (Lair:2)
  4 boulder beetles
  A vault guard (D:13)
  2 ogre magi (Abyss:3)
  16 hydras
  A merfolk avatar (Lair:6)
  2 ghost crabs
  The ghost of Thantalas the Protected, a novice MiFi of Okawaru (D:10)
  6 death yaks
  6 two-headed ogres
  6 centaur warriors
  23 dancing weapons
  8 alligators
  6 tengu warriors
  4 hell hogs (Abyss:3)
  2 death scarabs (Gauntlet)
  6 thrashing horrors (Abyss:3)
  A spriggan berserker (Swamp:2)
  2 orc high priests
  17 deep elf knights
  3 spatial maelstroms (Abyss:3)
  A deep troll (D:15)
  12 goliath frogs
  A spectral death yak (Gauntlet)
  A shadow demon (Abyss:3)
  A sea snake (Lair:6)
  5 spriggan druids
  8 swamp dragons
  7 deep elf archers
  5 orc knights
  3 bog bodies
  2 wizards
  22 deep elf zephyrmancers
  29 deep elf pyromancers
  4 necromancers
  29 wolf spiders
  5 orc sorcerers
  13 orb spiders
  4 will-o-the-wisps
  A harpy (Lair:6)
  2 ugly things
  5 cyclopes
  2 manticores
  A worldbinder (Abyss:3)
  12 elephants
  An apocalypse crab (Abyss:3)
  3 moths of wrath
  6 torpor snails
  2 ice statues (IceCv)
  4 black mambas
  A smoke demon (Abyss:3)
  8 rime drakes
  17 cane toads
  A gargoyle (D:11)
  A hellwing (Abyss:3)
  A yaktaur (D:13)
  2 ancient zymes (Abyss:3)
  9 ice devils (IceCv)
  2 tengu conjurers
  A freezing wraith (D:15)
  14 komodo dragons
  A komodo dragon (shapeshifter) (Elf:1)
  14 demonic crawlers
  A queen bee (Lair:3)
  24 jumping spiders
  A hornet (shapeshifter) (D:15)
  13 trolls
  7 polar bears
  A wind drake (Lair:6)
  6 tyrant leeches
  30 hornets
  9 slime creatures (D:12)
  3 dream sheep (Lair:6)
  16 blink frogs
  4 raiju (Abyss:3)
  5 small abominations (Abyss:3)
  2 spectral black mambas (Gauntlet)
  2 vampires
  17 spriggans
  An air elemental (Elf:2)
  34 tarantellas
  5 starcursed masses (Abyss:3)
  80 redbacks
  71 yaks
  3 water elementals
  9 wyverns
  8 wraiths
  A fire elemental (Elf:1)
  7 basilisks
  3 fire bats (Abyss:3)
  24 humans
  3 large abominations (Abyss:3)
  5 steam dragons
  8 chaos spawn (Abyss:3)
  9 vampire mosquitoes
  2 spatial vortices (Abyss:3)
  A spectral cane toad (Gauntlet)
  A neqoxec (Abyss:3)
  5 wargs
  2 acid dragons
  9 swamp worms
  4 hell hounds (Elf:1)
  17 water moccasins
  36 orc warriors
  7 swamp drakes
  4 black bears
  2 ice beasts
  2 necrophages (D:6)
  12 ogres
  11 centaurs
  A tengu (Abyss:3)
  12 wolves
  2 phantoms
  An elf zombie (Ossuary)
  2 kobold brigands
  3 earth elementals
  9 scorpions
  A wyvern zombie (D:6)
  16 bullfrogs
  3 gnoll sergeants
  A wyvern skeleton (D:7)
  A water moccasin zombie (D:3)
  A water moccasin skeleton (D:5)
  12 killer bees
  9 electric eels
  5 wights (D:9)
  8 howler monkeys
  A crimson imp (Abyss:3)
  4 centaur zombies
  2 quasits (Abyss:3)
  3 human zombies (Ossuary)
  A bullfrog zombie (D:6)
  31 orc priests
  4 jellies
  3 hell rats (D:10)
  5 iguanas
  24 orc wizards
  A killer bee zombie (D:5)
  A hound skeleton (D:4)
  2 mummies (Ossuary)
  3 howler monkey zombies
  15 gnolls
  2 river rats (D:10)
  13 adders
  2 shadow imps
  7 white imps
  10 ufetubi
  2 adder zombies (Ossuary)
  5 worms
  3 dart slugs
  106 orcs
  10 ball pythons
  7 endoplasms
  4 goblins
  8 hobgoblins
  9 jackals
  15 kobolds
  2 quokkas
  4 bats
  4 frilled lizards
  A goblin zombie (Ossuary)
  10 hobgoblin zombies (Ossuary)
  A jackal zombie (Ossuary)
  7 kobold zombies (Ossuary)
  10 orc zombies (Ossuary)
  6 rats
1425 creatures vanquished.

Vanquished Creatures (others)
  A fire dragon (Abyss:3)
  An ice dragon (Abyss:3)
  A goliath frog (Swamp:1)
  2 deep elf zephyrmancers
  A will-o-the-wisp (Swamp:1)
  2 bloated husks
  2 white imps (IceCv)
  3 ufetubi (IceCv)
  A briar patch (Swamp:4)
  22 foxfires
  20 fungi
  56 plants
  4 starspawn tentacles (Abyss:3)
  4 withered plants (Gauntlet)
120 creatures vanquished.

Grand Total: 1545 creatures vanquished

Notes
Turn   | Place    | Note
-------+----------+-------------------------------------------
     0 | D:1      | senseless the Minotaur Fighter began the quest for the Orb.
     0 | D:1      | Reached XP level 1. HP: 19/19 MP: 0/0
   428 | D:1      | Reached XP level 2. HP: 25/27 MP: 1/1
   455 | D:1      | Found a faded altar of an unknown god.
   458 | D:1      | Reached skill level 4 in Fighting
  1216 | D:2      | Reached XP level 3. HP: 30/34 MP: 2/2
  1676 | D:2      | Found Ymnu's General Store.
  2107 | D:2      | Gained mutation: You are robust. (+10% HP) [potion of
                  | mutation]
  2107 | D:2      | Gained mutation: You are agile. (Dex +2) [potion of
                  | mutation]
  2107 | D:2      | Gained mutation: You are very agile. (Dex +4) [potion of
                  | mutation]
  2107 | D:2      | Gained mutation: You are partially covered in iridescent
                  | scales. (AC +2) [potion of mutation]
  2329 | D:3      | Reached skill level 5 in Fighting
  2329 | D:3      | Reached XP level 4. HP: 46/46 MP: 3/3
  3210 | D:4      | Reached XP level 5. HP: 24/52 MP: 4/4
  3220 | D:4      | Identified the +1 robe of the Pirate {Str+4}
  3640 | D:4      | Found a staircase to the Ecumenical Temple.
  3847 | D:4      | Found a sand-covered staircase.
  3855 | Ossuary  | Entered an ossuary
  3995 | Ossuary  | Reached XP level 6. HP: 37/62 MP: 5/5
  3997 | Ossuary  | Reached skill level 6 in Fighting
  4004 | Ossuary  | Reached skill level 5 in Armour
  4009 | Ossuary  | Reached skill level 5 in Shields
  4502 | D:5      | Entered Level 5 of the Dungeon
  4504 | D:5      | Found a glowing drain.
  4515 | Sewer    | Entered a sewer
  4579 | Sewer    | Noticed a water moccasin
  4587 | Sewer    | Killed a water moccasin
  4588 | Sewer    | Reached XP level 7. HP: 54/70 MP: 6/6
  4755 | D:5      | Reached skill level 7 in Fighting
  5111 | D:5      | Reached skill level 5 in Axes
  5378 | D:5      | Reached XP level 8. HP: 81/81 MP: 7/7
  5507 | D:5      | Reached skill level 8 in Fighting
  5756 | D:5      | Found a large runed translucent door.
  5756 | D:5      | Found a large runed translucent door.
  5835 | D:5      | Found a large runed translucent door.
  5835 | D:5      | Found a large runed translucent door.
  5846 | D:5      | Identified the amulet of Zorchitou {RegenMP Rampage Fly rF-
                  | Int+6}
  6119 | D:5      | Reached skill level 9 in Fighting
  6449 | D:5      | Reached XP level 9. HP: 82/92 MP: 8/8
  6603 | D:5      | Identified Zuasaen's Incunabulum of Malediction and Clay
  6728 | D:6      | Reached skill level 10 in Fighting
  7467 | D:6      | Reached skill level 11 in Fighting
  8176 | D:7      | Reached XP level 10. HP: 102/105 MP: 9/9
  8227 | Temple   | Entered the Ecumenical Temple
  8305 | Temple   | Became a worshipper of Warmaster Okawaru
  8786 | D:7      | Identified Sif Muna's Incunabulum of the Escort and Black
                  | Arts
  9158 | D:7      | Found a shadowy altar of Dithmenos.
  9439 | D:8      | Reached * piety under Okawaru
  9442 | D:8      | Noticed a brown ugly thing
  9454 | D:8      | Killed a brown ugly thing
  9455 | D:8      | Reached skill level 12 in Fighting
 10734 | D:9      | Found Jiong's General Store.
 10844 | D:9      | Noticed a two-headed ogre
 10852 | D:9      | Killed a two-headed ogre
 10852 | D:9      | Reached ** piety under Okawaru
 11176 | D:9      | Reached XP level 11. HP: 97/116 MP: 10/10
 11177 | D:9      | Reached skill level 13 in Fighting
 11250 | D:9      | Found a shimmering altar of Xom.
 11349 | D:9      | Reached *** piety under Okawaru
 11377 | D:9      | Reached skill level 10 in Armour
 11431 | D:9      | Found a staircase to the Orcish Mines.
 11468 | D:9      | Noticed a centaur warrior
 11478 | D:9      | Killed a centaur warrior
 11479 | D:9      | Reached skill level 10 in Shields
 12363 | D:10     | Entered Level 10 of the Dungeon
 12560 | D:10     | Found a runed translucent gate.
 12561 | D:10     | Found a runed translucent gate.
 12561 | D:10     | Found a runed translucent gate.
 12566 | D:10     | Noticed Thantalas's ghost (novice MiFi)
 12587 | D:10     | Killed Thantalas's ghost
 12587 | D:10     | Reached **** piety under Okawaru
 12588 | D:10     | Reached skill level 10 in Axes
 12783 | D:10     | Noticed a death yak
 12783 | D:10     | Noticed a death yak
 12792 | D:10     | Noticed a death yak
 12832 | D:9      | Killed a death yak
 13210 | D:10     | Noticed a two-headed ogre
 13220 | D:10     | Killed a two-headed ogre
 13221 | D:10     | Reached skill level 14 in Fighting
 13536 | D:10     | Found a broken altar of Ashenzari.
 13537 | D:10     | Found a radiant altar of Vehumet.
 13556 | D:10     | Found a staircase to the Lair.
 13661 | D:10     | Reached ***** piety under Okawaru
 13676 | D:10     | Noticed a two-headed ogre
 13686 | D:10     | Killed a two-headed ogre
 13943 | D:10     | Noticed a red ugly thing
 13952 | D:10     | Killed a red ugly thing
 14569 | D:10     | Killed a death yak
 14569 | D:10     | Identified the +8 crystal plate armour of the Sun {rElec
                  | Dex+2} (Okawaru gifted it to you on level 10 of the
                  | Dungeon)
 14569 | D:10     | Received a gift from Okawaru
 14571 | D:10     | HP: 5/122 [death yak (22)]
 15009 | D:10     | Killed a death yak
 15010 | D:10     | Reached XP level 12. HP: 65/129 MP: 11/11
 15442 | D:11     | Noticed a two-headed ogre
 15457 | D:11     | Killed a two-headed ogre
 15466 | D:11     | Identified the Volume of Venomous Shape Shifting
 15774 | D:11     | Found a blossoming altar of Fedhas.
 15793 | D:11     | Reached skill level 15 in Fighting
 16029 | D:11     | Noticed Fannar
 16050 | D:11     | Killed Fannar
 17540 | D:13     | Noticed a tengu warrior
 17559 | D:13     | Killed a tengu warrior
 17572 | D:13     | Noticed a two-headed ogre
 17586 | D:13     | Killed a two-headed ogre
 17876 | D:13     | Received a gift from Okawaru
 17884 | D:13     | Reached skill level 16 in Fighting
 17908 | D:13     | Reached XP level 13. HP: 75/140 MP: 12/12
 18061 | D:13     | Found a gate to the Vaults.
 18201 | D:14     | Received a gift from Okawaru
 18509 | D:14     | Reached ****** piety under Okawaru
 18681 | D:14     | Reached skill level 17 in Fighting
 18890 | D:15     | Entered Level 15 of the Dungeon
 18890 | D:15     | Found a gate leading to a gauntlet.
 18894 | D:15     | Noticed Jorgrun
 18913 | D:15     | Killed Jorgrun
 19041 | Gauntlet | Entered a Gauntlet
 19041 | Gauntlet | Found a runed translucent gate.
 19041 | Gauntlet | Found a transporter.
 19041 | Gauntlet | Found a runed translucent gate.
 19041 | Gauntlet | Found a runed translucent gate.
 19041 | Gauntlet | Found a transporter.
 19054 | Gauntlet | Found a transporter.
 19058 | Gauntlet | Found a transporter.
 19067 | Gauntlet | Found a transporter.
 19070 | Gauntlet | Found a transporter.
 19078 | Gauntlet | Found a transporter.
 19098 | Gauntlet | Found a transporter.
 19118 | Gauntlet | Found a transporter.
 19119 | Gauntlet | Found a transporter.
 19127 | Gauntlet | Found a transporter.
 19131 | Gauntlet | Found a transporter.
 19318 | Gauntlet | Identified the ring of Uxov {Wiz Stlth+}
 19354 | Gauntlet | Identified the +6 plate armour of Inviolability {*Slow
                  | +Blink rPois rC++}
 19354 | Gauntlet | Noticed a minotaur
 19367 | Gauntlet | Killed a minotaur
 19427 | Gauntlet | Identified the +1 plate armour of Xuxzoo {+Blink}
 19456 | D:15     | Found Jeytoe's Antique Weapon Shop.
 19631 | D:15     | Noticed an ettin
 19634 | D:15     | Identified the +1 pair of boots of Abstinence {rC++ Will+}
                  | (Okawaru gifted it to you on level 15 of the Dungeon)
 19634 | D:15     | Received a gift from Okawaru
 19635 | D:15     | Reached skill level 5 in Maces & Flails
 19644 | D:15     | Killed an ettin
 19645 | D:15     | Reached XP level 14. HP: 149/154 MP: 13/13
 19689 | D:15     | Found Wotog's Magic Scroll Emporium.
 19693 | D:15     | Found Nemof's Weapon Emporium.
 19694 | D:15     | Found Rutsy's Armour Emporium.
 19698 | D:15     | Noticed Agnes
 19703 | D:15     | Killed Agnes
 19782 | D:15     | Bought a scroll of identify for 30 gold pieces
 19782 | D:15     | Bought a scroll of enchant armour for 112 gold pieces
 19782 | D:15     | Bought a scroll of identify for 30 gold pieces
 19783 | D:15     | Found Megahoc's Book Emporium.
 19794 | D:15     | Bought a +1 pair of gloves of strength for 231 gold pieces
 19870 | D:15     | Noticed Roxanne
 19900 | D:15     | Killed Roxanne
 20462 | D:15     | Found a staircase to the Depths.
 20486 | D:15     | Found Galato Vote's Magic Scroll Shop.
 20499 | D:15     | Bought a scroll of identify for 32 gold pieces
 20508 | D:15     | Found Faago's Magic Scroll Boutique.
 20519 | D:15     | Bought a scroll of enchant armour for 105 gold pieces
 20519 | D:15     | Bought a scroll of enchant weapon for 105 gold pieces
 20532 | D:15     | Found Yrphenoo's Antique Weapon Boutique.
 20547 | D:15     | Found Nyraerag's Assorted Antiques.
 20909 | Orc:1    | Entered Level 1 of the Orcish Mines
 21730 | Orc:2    | Entered Level 2 of the Orcish Mines
 21954 | Orc:2    | Found a staircase to the Elven Halls.
 22238 | Orc:2    | Found a frozen archway.
 22327 | IceCv    | Entered an ice cave
 22417 | IceCv    | Identified the +1 ring mail of the Merchant {rN+ Regen+}
                  | (Okawaru gifted it to you in an ice cave)
 22417 | IceCv    | Received a gift from Okawaru
 22748 | IceCv    | Noticed a reaper
 22760 | IceCv    | Killed a reaper
 22841 | IceCv    | Identified the +5 demon whip "Ivom" {freeze, rPois rF++
                  | Dex+3}
 23200 | Orc:2    | Found Imurahoh's Antique Armour Boutique.
 23359 | Orc:2    | Found Wenuenel's Book Emporium.
 23413 | Orc:2    | Noticed an orc warlord
 23424 | Orc:2    | Reached skill level 18 in Fighting
 23836 | Orc:2    | Killed an orc warlord
 23886 | Orc:2    | Found Aptazore's Antique Weapon Shop.
 23890 | Orc:2    | Found Ruzamacs's Antique Armour Boutique.
 24238 | Lair:1   | Entered Level 1 of the Lair of Beasts
 24572 | Lair:1   | Reached XP level 15. HP: 163/163 MP: 14/14
 25272 | Lair:2   | Noticed Harold
 25277 | Lair:2   | Killed Harold
 25405 | Lair:2   | Received a gift from Okawaru
 25581 | Lair:2   | Found a snail-covered altar of Cheibriados.
 25747 | Lair:2   | Identified the -2 hat "Nauteen" {Int+7} (Okawaru gifted it
                  | to you on level 2 of the Lair of Beasts)
 25747 | Lair:2   | Received a gift from Okawaru
 25964 | Lair:2   | Found a staircase to the Swamp.
 26273 | Lair:3   | Noticed Verendum's ghost (journeyman OpFi)
 26294 | Lair:3   | Found a transporter.
 26298 | Lair:3   | Found a transporter.
 26308 | Lair:3   | Killed Verendum's ghost
 26324 | Lair:3   | Reached skill level 15 in Armour
 26435 | Lair:3   | Reached skill level 15 in Shields
 27405 | Lair:4   | Reached skill level 19 in Fighting
 27490 | Lair:4   | Found a hole to the Spider Nest.
 28409 | Lair:5   | Received a gift from Okawaru
 28658 | Lair:6   | Entered Level 6 of the Lair of Beasts
 29059 | Lair:6   | Identified the Catalogue of Creative Enchantment
 29089 | Lair:6   | Received a gift from Okawaru
 29135 | Lair:6   | Reached XP level 16. HP: 175/178 MP: 15/15
 29399 | Lair:6   | Found a viscous altar of Jiyva.
 29400 | Lair:6   | Found a staircase to the Slime Pits.
 29490 | Lair:6   | Reached skill level 20 in Fighting
 30052 | Spider:1 | Entered Level 1 of the Spider Nest
 31056 | Spider:2 | Identified the +3 chain mail "Tamp" {rElec} (Okawaru gifted
                  | it to you on level 2 of the Spider Nest)
 31056 | Spider:2 | Received a gift from Okawaru
 31662 | Spider:3 | Found a transporter.
 31924 | Spider:3 | Identified a scroll of acquirement
 31924 | Spider:3 | Acquired a manual of Unarmed Combat
 31984 | Spider:3 | Reached skill level 21 in Fighting
 32301 | Spider:3 | Noticed a hellephant
 32308 | Spider:3 | Found a one-way gate to the infinite horrors of the Abyss.
 32324 | Spider:3 | Received a gift from Okawaru
 32329 | Spider:3 | Noticed 1player's ghost (journeyman FeBe)
 32370 | Spider:3 | Found a transporter.
 32637 | Spider:4 | Entered Level 4 of the Spider Nest
 32747 | Spider:4 | Noticed Bai Suzhen
 32779 | Spider:4 | Killed Bai Suzhen
 32779 | Spider:4 | Received a gift from Okawaru
 32780 | Spider:4 | Reached XP level 17. HP: 143/190 MP: 14/16
 33412 | Spider:4 | Identified the +0 hat of Okawaru's Vengeance {rC+ rN+ rCorr
                  | Dex+2} (Okawaru gifted it to you on level 4 of the Spider
                  | Nest)
 33412 | Spider:4 | Received a gift from Okawaru
 33533 | Spider:4 | Reached skill level 22 in Fighting
 33781 | Spider:4 | Got a gossamer rune of Zot
 34241 | Swamp:1  | Entered Level 1 of the Swamp
 34309 | Swamp:1  | Noticed Aizul
 34322 | Swamp:1  | Killed Aizul
 34325 | Swamp:1  | Noticed Josephine
 34334 | Swamp:1  | Killed Josephine
 34693 | Swamp:1  | Noticed Nikola
 34704 | Swamp:1  | Killed Nikola
 34704 | Swamp:1  | Received a gift from Okawaru
 35454 | Swamp:2  | Reached skill level 1 in Dodging
 35454 | Swamp:2  | Reached XP level 18. HP: 196/205 MP: 17/17
 35523 | Swamp:2  | Found a bloodstained altar of Trog.
 35523 | Swamp:2  | Noticed Puri's ghost (adept GrFi)
 35625 | Swamp:2  | Reached skill level 23 in Fighting
 35730 | Swamp:2  | Identified the +0 leather armour of Atheism {Will+}
 35825 | Swamp:2  | Found a transporter.
 35826 | Swamp:2  | Noticed Louise
 35828 | Swamp:2  | Found a transporter.
 35840 | Swamp:2  | Killed Louise
 35866 | Swamp:2  | Killed Puri's ghost
 35889 | Swamp:2  | Identified the +5 mace "Bury" {vorpal, *Rage rC+++ Will-
                  | Str+6} (Okawaru gifted it to you on level 2 of the Swamp)
 35889 | Swamp:2  | Received a gift from Okawaru
 36319 | Swamp:2  | Identified the +1 pair of gloves of Kiuph {Dex+4 SInv}
 36683 | Swamp:3  | Reached skill level 5 in Dodging
 37339 | Swamp:4  | Entered Level 4 of the Swamp
 37406 | Swamp:4  | Received a gift from Okawaru
 37867 | Swamp:4  | Noticed the 27-headed Lernaean hydra
 38098 | Swamp:4  | Killed the 27-headed Lernaean hydra
 38137 | Swamp:4  | Received a gift from Okawaru
 38562 | Swamp:4  | Got a decaying rune of Zot
 39005 | Elf:1    | Entered Level 1 of the Elven Halls
 39107 | Elf:1    | Noticed Azrael
 39130 | Elf:1    | Killed Azrael
 39245 | Elf:1    | Found Qiyll's Distillery.
 39245 | Elf:1    | Found Xiymau Reoz's Antique Weapon Boutique.
 39398 | Elf:1    | Bought a potion of heal wounds for 90 gold pieces
 39411 | Elf:1    | Found Binier's Weapon Emporium.
 39550 | Elf:1    | Reached XP level 19. HP: 201/214 MP: 18/18
 39649 | Elf:1    | Reached skill level 10 in Dodging
 40015 | Elf:2    | Identified the +0 cloak "Nuwaef" {-Tele rN++ Int+6}
 40020 | Elf:2    | Acquired a manual of Dodging
 40101 | Elf:2    | Found a runed translucent gate.
 40101 | Elf:2    | Found a runed translucent gate.
 40102 | Elf:2    | Found a runed translucent gate.
 40632 | Elf:2    | Received a gift from Okawaru
 41062 | Elf:2    | Reached skill level 24 in Fighting
 41241 | Elf:3    | Entered Level 3 of the Elven Halls
 41310 | Elf:3    | Noticed Saint Roka
 41342 | Elf:3    | Killed Saint Roka
 41563 | Elf:3    | Noticed Donald
 41574 | Elf:3    | Killed Donald
 42031 | Elf:3    | Identified the Incunabulum of Arcane Weapons and the Blaze
 42118 | Elf:3    | Cast into level 3 of the Abyss (a deep elf sorcerer)
 42165 | Abyss:3  | Upgraded the game from 0.27-a0-1060-gcb85b5eba1 to
                  | 0.27-a0-1065-ge809cff456
 42219 | Abyss:3  | Reached skill level 15 in Dodging
 42221 | Abyss:3  | Received a gift from Okawaru
 42300 | Abyss:3  | Reached XP level 20. HP: 189/226 MP: 19/19
 42397 | Abyss:3  | Gained mutation: You do not regenerate when monsters are
                  | visible. [a neqoxec]
 42399 | Abyss:3  | Gained mutation: Armour fits poorly on your strangely
                  | shaped body. [a neqoxec]
 42546 | Abyss:3  | Noticed a dread lich
 42558 | Abyss:3  | Paralysed by a dread lich for 2 turns
 42572 | Abyss:3  | Paralysed by a dread lich for 4 turns
 42586 | Abyss:3  | Paralysed by a dread lich for 7 turns
 42588 | Abyss:3  | HP: 7/212 [green death[a dread lich] (7)]
 42589 | Abyss:3  | Blown up by a lich

Illustrated notes

Levels and vault maps discovered:
D:1:      tarquinn_simple_flora_water_d, layout_loops_corners,
          hellmonk_ecumenical_altar_dog_temple, minmay_misc_feat_diagonals,
          grunt_decor_junction, kennysheep_minor_cross, minivault_19,
          minivault_23, minmay_misc_feat_alley
D:2:      minmay_evil_eye, layout_basic, serial_shops, shop
D:3:      layout_basic, minivault_27, chequers_mini_garden,
          minmay_misc_feat_five, serial_bayou_lagoon_b
D:4:      layout_loops_cross, minmay_temple_entry_tees,
          nicolae_ossuary_entry_plus, serial_bayou_pond_e
D:5:      layout_basic, cheibrodos_sewer_entry_sluice,
          minmay_hollow_rounded_squares
D:6:      layout_gridville, minmay_ruffians
D:7:      layout_basic, grunt_dithmenos_shadows, minivault_19
D:8:      layout_loops_ring
D:9:      layout_loops_ring, kennysheep_mini_moat, erik_orc_3, serial_shops,
          shop, grunt_ministairs_13
D:10:     layout_layer_cave, jmf_multi_god_temple, dpeg_lair_monsters,
          ebering_ghost_rock_garden, minivault_4
D:11:     layout_loops_ring, minmay_variable_closet, fedhas_ov_isle_minmay,
          uniq_fannar
D:12:     layout_layer_cave
D:13:     layout_big_octagon, grunt_vaults_entry_tiered, serial_column_ruins,
          column_ruins_hut_ruined, column_ruins_hut_ruined,
          column_ruins_open_small_water, column_ruins_columns_straight,
          column_ruins_corridor_straight, column_ruins_corridor_straight,
          column_ruins_corridor_corner, column_ruins_columns_straight
D:14:     layout_small_grid
D:15:     hangedman_depths_entry_civil_slaughter, layout_grid_maze,
          minivault_14, gauntlet_entry_generic, serial_shops, shop, shop_coins,
          shop, shop, shop_scrolls, minmay_shop_grid_forest, uniq_agnes,
          uniq_jorgrun, uniq_roxanne
Temple:   dpeg_five_rooms_temple
Lair:1:   minmay_lair_venomous_thicket, layout_cave_pods, minivault_25,
          minmay_hedge_maze, serial_bayou_shore_b
Lair:2:   layout_hall_layers, minmay_swamp_entry_eels, bh_autumn_forest_stairs,
          minivault_19, chequers_serial_rivers_micro_e, kennysheep_snail_temple,
          uniq_harold
Lair:3:   layout_small_grid, gammafunk_ghost_hive
Lair:4:   layout_loops_ring, nicolae_spider_entry_non_spiders,
          grunt_megastairs_3
Lair:5:   layout_roguey
Lair:6:   gammafunk_lair_ancient_temple, layout_hall_layers, slime_altar_1
Swamp:1:  nicolae_swamp_wrong_neighborhood, layout_falls_marsh,
          evilmike_swamp_ruin_house_2, uniq_josephine, uniq_nikola, uniq_aizul
Swamp:2:  layout_falls_marsh, gammafunk_ghost_wrathful_warriors,
          nicolae_swamp_bean_lake, uniq_louise
Swamp:3:  layout_basic_swamp, evilmike_swamp_ruin_rubble_1
Swamp:4:  swamp_alternative, layout_basic_swamp
Spider:1: layout_spider_delve
Spider:2: layout_spider_delve, hangedman_spider_tarantella_strand
Spider:3: layout_spider_delve, gammafunk_ghost_abyssal_escape,
          nicolae_spider_cling_halls
Spider:4: grunt_spider_rune_island, uniq_bai_suzhen
Orc:1:    cheibrodos_orc_arena, layout_caves, nicolae_orc_stony_grotto,
          minmay_orc_temple_c, uniq_erolcha
Orc:2:    grunt_orc_community_town_hall, layout_diamond_mine,
          grunt_orc_community_big_house_1, grunt_orc_community_big_house_1,
          grunt_orc_community_house_1, grunt_orc_community_house_3,
          grunt_orc_community_house_3, grunt_orc_community_house_3,
          grunt_orc_community_house_3, grunt_orc_community_house_2,
          portal_ice_cave_entry_pillars_1
Elf:1:    layout_rooms, serial_shops, shop, hangedman_elf_represent,
          minmay_shoptagon, uniq_azrael
Elf:2:    layout_geoelf_diagonals
Elf:3:    minmay_elf_hall_statues, layout_loops_corners, uniq_saint_roka,
          uniq_donald
Abyss:3:  base: Spider:2, due_evilmike_abyss_rune_seething_liches, base:
Spider:2

Skill      XL: |  1  2  3  4  5  6  7  8  9 10 11 12 13 14 15 16 17 18 19 20 |
---------------+-------------------------------------------------------------+-----
Fighting       | 4 5 6 7 9 11 12 14 16 17 18 19 21 22 23 24 | 24.4
Armour         | 4 5 6 7 8 9 11 12 13 14 16 18 20 21 22 | 22.4
Shields        | 4 5 6 7 8 9 11 12 13 14 15 | 15.0
Axes           | 3 4 5 6 8 9 10 12 | 12.6
Maces & Flails | 5 9 |  9.0
Dodging        | 1 9 15 16 | 16.4

Action                   |  1- 3 |  4- 6 |  7- 9 | 10-12 | 13-15 | 16-18 | 19-21 || total
-------------------------+-------+-------+-------+-------+-------+-------+-------++-------
Melee: War axe           |   103 |   141 |   205 |   577 |   117 |       |       ||  1143
       Headbutt          |     6 |    28 |    50 |   201 |   439 |   505 |   243 ||  1472
       Demon whip        |       |       |       |       |  1166 |  1427 |   650 ||  3243
Throw: Throwing net      |       |       |       |     1 |       |       |       ||     1
Invok: Heroism           |       |       |       |     1 |       |     1 |       ||     2
  Use: Scroll            |     7 |     4 |     3 |     9 |    13 |     5 |     2 ||    43
       Potion            |     1 |       |     1 |     1 |     2 |     4 |     1 ||    10
 Stab: Distracted        |       |       |     1 |     1 |       |     3 |       ||     5
       Confused          |       |       |       |       |       |     1 |       ||     1
Armor: Scale mail        |    56 |    79 |    85 |   111 |       |       |       ||   331
       Crystal plate arm |       |       |       |   151 |   453 |   783 |   162 ||  1549
Dodge: Dodged            |    39 |    39 |    58 |   127 |   125 |   289 |   146 ||   823
       Repelled          |       |       |       |     1 |     1 |     7 |    17 ||    26
Block: Kite shield       |    72 |    85 |   138 |   418 |   635 |   896 |   341 ||  2585

Table legend: (Time is in decaauts)
 A = Elapsed time spent in this place.
 B = Non-inter-level travel time spent in this place.
 C = Inter-level travel time spent in this place.
 D = Time resting spent in this place.
 E = Time spent auto-exploring this place.
 F = Levels seen in this place.
 G = Mean time per level.
                   A        B        C        D        E       F      G
               +--------+--------+--------+--------+--------+-----+--------+
         Total |  41341 |  39410 |   1931 |   8203 |  24632 |  40 | 1033.5 |
       Dungeon |  20021 |  19057 |    964 |   5061 |  11298 |  15 | 1334.7 |
        Temple |    130 |     79 |     51 |      0 |     71 |   1 |  130.0 |
          Lair |   5625 |   5216 |    409 |      0 |   4509 |   6 |  937.5 |
         Swamp |   4347 |   4199 |    148 |   1317 |   2254 |   4 | 1086.8 |
   Spider Nest |   3791 |   3603 |    188 |    850 |   2066 |   4 |  947.8 |
  Orcish Mines |   2477 |   2374 |    103 |    358 |   1578 |   2 | 1238.5 |
   Elven Halls |   2861 |   2795 |     66 |    125 |   2130 |   3 |  953.7 |
         Abyss |    364 |    364 |      0 |     27 |    108 |   1 |  364.0 |
         Sewer |    235 |    235 |      0 |     97 |     83 |   1 |  235.0 |
       Ossuary |    458 |    458 |      0 |     68 |    195 |   1 |  458.0 |
      Ice Cave |    650 |    650 |      0 |    300 |    160 |   1 |  650.0 |
      Gauntlet |    376 |    376 |      0 |      0 |    179 |   1 |  376.0 |
               +--------+--------+--------+--------+--------+-----+--------+

Top non-repeatable levels by time:
    D:10: 2746 daAuts
     D:9: 2395 daAuts
     D:5: 2010 daAuts
   Orc:2: 1679 daAuts
    D:15: 1493 daAuts
 Swamp:2: 1333 daAuts
Spider:4: 1306 daAuts
     D:4: 1282 daAuts
     D:8: 1228 daAuts
  Lair:6: 1228 daAuts
    D:11: 1226 daAuts
     D:6: 1220 daAuts
     D:1: 1214 daAuts
   Elf:2: 1188 daAuts
 Swamp:3: 1089 daAuts
